 Dungeon Crawl Stone Soup version 0.14-a0-50-gc6ee670 (webtiles) character file.

344 Kae the Cutter (level 5, -7/34 HPs)
             Began as a High Elf Skald on Sept 29, 2013.
             Mangled by an iguana (13 damage)
             ... on Level 4 of the Dungeon.
             The game lasted 00:11:40 (3793 turns).

Kae the Cutter (High Elf Skald)                     Turns: 3793, Time: 00:11:40

HP  -7/34        AC  5     Str 11      XL: 5   Next: 79%
MP  10/13        EV 13     Int 17      God:
Gold 104         SH  0     Dex 15      Spells:  2 memorised,  5 levels left

Res.Fire  : . . .   See Invis. : .   a - +0 elf short sword
Res.Cold  : . . .   Warding    : .   b - +0 elf leather armour
Life Prot.: . . .   Conserve   : .   (no shield)
Res.Poison: .       Res.Corr.  : .   (no helmet)
Res.Elec. : .       Clarity    : .   p - +0 cloak
Sust.Abil.: . .     Spirit.Shd : .   q - +0 pair of orc gauntlets
Res.Mut.  : .       Stasis     : .   (no boots)
Res.Rott. : .       Flight     : .   (no amulet)
Saprovore : . . .                    j - +3 ring of evasion
                                     e - +1 ring of intelligence

@: slightly resistant to hostile enchantments, unstealthy
A: no striking features
a: no special abilities


You were on level 4 of the Dungeon.
You were very hungry.

You visited 1 branch of the dungeon, and saw 4 of its levels.

You collected 84 gold pieces.

Inventory:

Hand weapons
 a - a +0,+0 elven short sword (weapon)
Armour
 b - a +0 elven leather armour (worn)
 p - a +0 cloak (worn)
 q - a +0 pair of orcish gauntlets (worn)
 v - a +0 pair of dwarven gauntlets
Magical devices
 g - a wand of random effects (6)
Comestibles
 d - 4 bread rations
 f - 3 meat rations
Scrolls
 h - 2 scrolls of magic mapping {unknown}
 k - a scroll of noise {unknown}
 l - a scroll of teleportation {unknown}
 m - 4 scrolls of identify {unknown}
 o - a scroll of remove curse {unknown}
 r - a scroll of enchant weapon II {unknown}
 s - a scroll of curse jewellery {unknown}
 t - a scroll of curse armour {unknown}
Jewellery
 e - a +1 ring of intelligence (left hand)
 j - a +3 ring of evasion (right hand)
Potions
 n - a potion of magic
 u - 2 potions of curing
Books
 c - a book of Battle

   Spells                             Type                      Level
   *Infusion                          Charms                       1
   *Shroud of Golubria                Charms/Translocation         2
   Song of Slaying                    Charms                       2
   Spectral Weapon                    Hexes/Charms                 3
   Regeneration                       Charms/Necromancy            3
   Song of Shielding                  Charms                       4


   Skills:
 - Level 2.0 Fighting
 + Level 7.4 Short Blades
 - Level 0.8 Armour
 - Level 1.1 Dodging
 - Level 2.4 Spellcasting
 - Level 3.6 Charms


You had 5 spell levels left.
You knew the following spells:

 Your Spells              Type           Power        Failure   Level  Hunger
a - Infusion              Chrm           ##....       4%          1    #......
b - Shroud of Golubria    Chrm/Tloc      #.........   17%         2    ##.....


Dungeon Overview and Level Annotations

Branches:
Dungeon (4/27)
 Temple: D:4-7

Altars:
Yredelemnul

Annotations:
D:3 VladTC's ghost, average TeTm


Message History

The iguana misses you.
You barely miss the iguana.
The iguana is severely wounded.
The iguana misses you.
You hit the iguana but do no damage.
The iguana is severely wounded.
The iguana bites you!
* * * LOW HITPOINT WARNING * * *
You are too injured to fight recklessly!
You are too injured to fight recklessly!
You are too injured to fight recklessly!
You are too injured to fight recklessly!
You are too injured to fight recklessly!
An iguana is nearby!
You barely miss the iguana.
The iguana is severely wounded.
You barely miss the iguana.
The iguana is severely wounded.
The iguana bites you!
You die...

#.....######
###########............
##.).......#............
.#.#######..............
.#.# #.....#########
.#.#######...............
.........+...........###
......####.....#'###+##
.............#..@.....#
.............#..l.....#
##+##........#........+
.# ... ....#..%.....# .#
.. #..(...>.+ .#
#........# .# #........
.# #....... ## ...


You could see an iguana.

Vanquished Creatures
  A giant frog skeleton (D:4)
  Crazy Yiuf (D:2)
  A hound (D:4)
  7 adders
  2 big fish zombies (D:2)
  A worm (D:3)
  2 orcs
  A ball python (D:1)
  6 giant cockroaches
  4 goblins (D:1)
  9 hobgoblins
  4 jackals
  9 bats
  3 giant geckos
  4 giant newts
  8 kobolds
  10 rats
73 creatures vanquished.

Notes
Turn   | Place    | Note
--------------------------------------------------------------
     0 | D:1      | Kae, the High Elf Skald, began the quest for the Orb.
     0 | D:1      | Reached XP level 1. HP: 13/13 MP: 4/4
   398 | D:1      | Reached XP level 2. HP: 11/18 MP: 0/6
  1061 | D:1      | Reached skill level 4 in Short Blades
  1181 | D:1      | Reached XP level 3. HP: 20/23 MP: 8/8
  1751 | D:2      | Reached skill level 5 in Short Blades
  1832 | D:2      | Reached XP level 4. HP: 17/29 MP: 1/11
  2375 | D:2      | Noticed Crazy Yiuf
  2386 | D:2      | Killed Crazy Yiuf
  2386 | D:2      | Reached skill level 6 in Short Blades
  2639 | D:2      | Reached XP level 5. HP: 24/34 MP: 0/13
  2729 | D:2      | Found a basalt altar of Yredelemnul.
  2761 | D:3      | Noticed VladTC's ghost (average TeTm)
  3629 | D:4      | Learned a level 2 spell: Shroud of Golubria
  3744 | D:4      | Reached skill level 7 in Short Blades
  3793 | D:4      | Mangled by an iguana

Action                   |  1- 3 |  4- 6 || total
-------------------------+-------+-------++-------
Melee: Short sword       |   141 |   226 ||   367
 Cast: Infusion          |     5 |     9 ||    14
Evoke: Wand              |       |     6 ||     6
  Use: Potion            |     1 |     4 ||     5
 Stab: Sleeping          |     1 |       ||     1
       Invisible         |       |     1 ||     1
